 Dungeon Crawl Stone Soup version 0.30.1-11-g7821555f0a (webtiles) character file.

Game seed: 2617382458719315648

27 Ankhtithe the Conjurer (level 2, 0/18 HPs)
             Began as a Demigod Conjurer on Nov 4, 2023.
             Succumbed to Sigmund's poison
             ... on level 2 of the Dungeon.
             The game lasted 00:05:02 (1509 turns).

Ankhtithe the Conjurer (Demigod Conjurer)           Turns: 1509, Time: 00:05:03

Health: 0/18       AC:  2    Str:  8    XL:     2   Next: 72%
Magic:  7/7        EV:  9    Int: 20    God:
Gold:   55         SH:  0    Dex: 12    Spells: 2/5 levels left

rFire   . . .        f - staff of cold
rCold   + . .        (no shield)
rNeg    . . .        a - +0 robe
rPois   +            (helmet restricted)
rElec   .            (no cloak)
rCorr   .            (no gloves)
SInv    .            (no boots)
Will    .....        (no amulet)
Stlth   ++           h - ring of poison resistance
HPRegen 0.23/turn    (no ring)
MPRegen 0.10/turn

%: no passive effects
@: lethally poisoned (0 -> -7), constricted
A: high MP 1, forlorn, divine attributes, horns 1, deterioration 1, frail 1
a: no special abilities


You were on level 2 of the Dungeon.
You visited 1 branch of the dungeon, and saw 2 of its levels.

You collected 55 gold pieces.

Inventory:

Hand Weapons
 d - a +0 quarterstaff
 e - a +0 dagger
Armour
 a - a +0 robe (worn)
Magical Staves
 f - a staff of cold (weapon)
Jewellery
 h - a ring of poison resistance (left hand)
Potions
 b - 2 potions of magic
 i - a potion of attraction {unknown}


   Skills:
 - Level 2.0 Dodging
 - Level 2.0 Stealth
 + Level 2.1 Spellcasting
 * Level 4.1 Conjurations


You had 2 spell levels left.
You knew the following spells:

 Your Spells              Type           Power      Damage    Failure   Level
a - Magic Dart            Conj           72%        1d6       2%          1
b - Searing Ray           Conj           36%        2d5       4%          2

Your spell library contained the following spells:

 Spells                   Type           Power      Damage    Failure   Level
 Summon Small Mammal      Summ           8%         N/A       16%         1
 Dazzling Flash           Conj/Hex       20%        N/A       21%         3
 Call Canine Familiar     Summ           2%         N/A       43%         3
 Summon Guardian Golem    Hex/Summ       2%         N/A       43%         3
 Fulminant Prism          Conj/Hex       5%         3d6       54%         4
 Iskenderun's Mystic Bla  Conj/Tloc      10%        2d4       54%         4


Dungeon Overview and Level Annotations

Branches:
Dungeon (2/15)

Annotations:
D:2 Sigmund


Innate Abilities, Weirdness & Mutations

You have an increased reservoir of magic. (+10% MP)
You shall have no god before yourself.
Your divine heritage dramatically boosts your attributes as you level up.
You have a pair of small horns on your head.
Your body sometimes deteriorates upon taking damage.
You are frail. (-10% HP)


Message History

Found a stone staircase leading down.
You now have 55 gold pieces (gained 15).
i - a red potion A ball python comes into view.
A ball python is nearby!
The ball python hisses angrily.
You hear a shout!
Sigmund the Dreaded comes into view.
He is wielding a +3 scythe of venom.
Sigmund giggles. "Time to reap what you sow."
Casting: Magic Dart (safe; 2% risk of failure)
Confirm with . or Enter, or press ? or * to list all spells.
Aiming: Magic Dart (safe; 2% risk of failure)
Press: ? - help, Shift-Dir - straight line, f - ball python
Aim: a ball python (100% to hit)
Okay, then.
Sigmund drinks a potion.
Sigmund seems to speed up.
You closely miss the ball python. The ball python bites you.
The ball python grabs you. The ball python constricts you.
Sigmund hits you from afar with a +3 scythe of venom.
You are poisoned.
The ball python bites you but does no damage.
The ball python constricts you.
Okay, then.
The air fills with toxic fumes!
As you read the scroll of poison, it crumbles to dust.
You feel very sick. The ball python misses you. The ball python constricts you.
Sigmund mumbles some strange words.
Sigmund flickers and vanishes!
Deactivating autopickup; reactivate with Ctrl-A.
You aren't carrying any scrolls.
It was a potion of mutation.
You feel extremely strange.
You feel frail. A pair of horns grows on your head!
You feel yourself wasting away.
You feel very sick. Something hits you.
* * * LOW HITPOINT WARNING * * *
The ball python barely misses you. The ball python constricts you.
* * * LOW HITPOINT WARNING * * *
You hit the ball python but do no damage.
You die...

## .. ..# .# ♣.♣ #.# # #.#
##.####.#♣.♣ ######## #..§§
...##### ##..§§§.##
#.§######♣.♣....
#...§§§§§####§§##§§.......#.
.....#§§§{S@§§§§§§##.♣.♣#.#.
.## #§§§###§§§§§###....#.#.
#§### ##§§§§§§...#..... #.
##§##########.## #. #§#
##.## #. #.# ##...# .. ##+#
##.#.#. ##...## #.##.##
##.....## #....##


You could see a ball python.

Vanquished Creatures
  3 dart slugs (D:1)
  2 bats
  4 endoplasms (D:1)
  3 jackals (D:1)
  3 quokkas (D:1)
  3 ball pythons (D:1)
18 creatures vanquished.

Notes
Turn   | Place    | Note
-------+----------+-------------------------------------------
     0 | D:1      | Ankhtithe the Demigod Conjurer began the quest for the Orb.
     0 | D:1      | Reached XP level 1. HP: 14/14 MP: 5/5
   145 | D:1      | Reached XP level 2. HP: 20/20 MP: 1/7
   200 | D:1      | Learned a level 2 spell: Searing Ray
   478 | D:1      | Reached skill level 4 in Conjurations
  1500 | D:2      | Noticed Sigmund
  1508 | D:2      | Gained mutation: You are frail. (-10% HP) [potion of
                  | mutation]
  1508 | D:2      | Gained mutation: You have a pair of small horns on your
                  | head. [potion of mutation]
  1508 | D:2      | Gained mutation: Your body sometimes deteriorates upon
                  | taking damage. [potion of mutation]
  1509 | D:2      | Succumbed to Sigmund's poison

Illustrated notes

Levels and vault maps discovered:
D:1:      dpeg_arrival_round_c, layout_basic
D:2:      layout_loops_corners, basic_altar, dilly_ecumenical_altar_fadedgnrine,
          serial_forest, infiniplex_forest_lined_room_,
          infiniplex_forest_clump_tiny, infiniplex_forest_lined_3,
          infiniplex_forest_straight_1, infiniplex_forest_lined_2,
          infiniplex_forest_end_double, infiniplex_forest_straight_2,
          uniq_sigmund

Skill      XL: |  1  2 |
---------------+-------+-----
Stealth        | 2 |  2.0
Dodging        | 2 |  2.0
Spellcasting   | 2 |  2.1
Conjurations   | 4 |  4.1

Action                     || total
---------------------------++-------
  Melee: Quarterstaff      ||    15
         Staff             ||    14
   Cast: Magic Dart        ||    39
    Use: Scroll            ||     2
         Potion            ||     1
   Stab: Sleeping          ||     1
 Armour: Robe              ||    10
  Dodge: Dodged            ||    27
